 Dungeon Crawl Stone Soup version 0.31-a0-174-g85c54bcb58 (webtiles) character file.

Game seed: 8347136845781666591

159 Dittersdorf the Covered (level 5, -2/33 HPs)
             Began as a Gargoyle Fighter on June 15, 2023.
             Slain by an ogre
             ... wielding a +0 giant club
              (10 damage)
             ... on level 4 of the Dungeon.
             The game lasted 00:02:43 (2432 turns).

Dittersdorf the Covered (Gargoyle Fighter)          Turns: 2432, Time: 00:02:44

Health: -2/33      AC: 12    Str: 21    XL:     5   Next: 40%
Magic:  5/5        EV:  9    Int: 15    God:
Gold:   210        SH:  4    Dex:  9    Spells: 4/4 levels left

rFire   . . .        a - +0 flail
rCold   . . .        c - +0 buckler
rNeg    + . .        b - +0 scale mail
rPois   ∞            (no helmet)
rElec   +            (no cloak)
rCorr   .            (no gloves)
SInv    +            n - +0 pair of boots
Will    .....        (no amulet) Stlth
                     p - +6 ring of intelligence
HPRegen 0.25/turn    q - ring of see invisible
MPRegen 0.09/turn

%: no passive effects
@: no status effects
A: sickness immunity, AC +4, negative energy resistance 1, electricity
resistance, torment resistance 1, petrification resistance
a: no special abilities


You were on level 4 of the Dungeon.
You visited 1 branch of the dungeon, and saw 4 of its levels.

You collected 210 gold pieces.

Inventory:

Hand Weapons
 a - a +0 flail (weapon)
Armour
 b - a +0 scale mail (worn)
 c - a +0 buckler (worn)
 n - a +0 pair of boots (worn)
Jewellery
 p - a +6 ring of intelligence (left hand)
 q - a ring of see invisible (right hand)
 s - a ring of ice
Scrolls
 e - a scroll of enchant armour {unknown}
 g - a scroll of noise {unknown}
 j - 2 scrolls of identify {unknown}
 k - a scroll of silence {unknown}
 m - a scroll of blinking {unknown}
 o - a scroll of poison {unknown}
 t - a scroll of fog {unknown}
Potions
 d - 2 potions of might
 f - a potion of mutation {unknown}
 h - 3 potions of curing {unknown}
 i - a potion of ambrosia {unknown}
 l - a potion of lignification {unknown}
 r - 3 potions of brilliance {unknown}


   Skills:
 + Level 4.3 Fighting
 + Level 3.1 Maces & Flails
 + Level 4.3 Armour
 + Level 4.3 Shields


You had 4 spell levels left.
You didn't know any spells.
Your spell library contained the following spells:

 Spells                   Type           Power      Damage    Failure   Level
 Apportation              Tloc           0%         N/A       65%         1
 Necrotise                Necr           0%         1d4       65%         1
 Summon Small Mammal      Summ           0%         N/A       65%         1


Dungeon Overview and Level Annotations

Branches:
Dungeon (4/15)             Temple (0/1) D:4

Altars:
Kikubaaqudgha
Zin

Shops:
D:3 *


Innate Abilities, Weirdness & Mutations

You are immune to sickness and miasma.
Your stone body is resilient. (AC +4)
You are immune to poison.
You resist negative energy. (rN+)
You are resistant to electric shocks. (rElec)
You are resistant to unholy torment.
You are immune to petrification.


Message History

You sock the jackal!
You kill the jackal!
The jackal bites you but does no damage.
You miss the jackal.
The jackal is heavily wounded.
The jackal closely misses you.
The jackal bites you but does no damage.
You hit the jackal.
You kill the jackal!
You hit the jackal.
The jackal is almost dead.
The jackal barely misses you. The jackal bites you.
You thump the jackal!
You kill the jackal!
You hit the ogre.
The ogre is lightly wounded.
The ogre hits you with a +0 giant club!!
Ouch! That really hurt!
* * * LOW HITPOINT WARNING * * *
You are too injured to fight recklessly!
You are too injured to fight recklessly!
You are too injured to fight recklessly!
You are too injured to fight recklessly!
You are too injured to fight recklessly!
You are too injured to fight recklessly!
You are too injured to fight recklessly!
You are too injured to fight recklessly!
You are too injured to fight recklessly!
You are too injured to fight recklessly!
You are too injured to fight recklessly!
You are too injured to fight recklessly!
You are too injured to fight recklessly!
You are too injured to fight recklessly!
You are too injured to fight recklessly!
You are too injured to fight recklessly!
You are too injured to fight recklessly!
You are too injured to fight recklessly!
You are too injured to fight recklessly!
The ogre attacks as you move away! The ogre hits you with a +0 giant club!
You die...

#### #.. ## ... ..... .#.##
# ... #. #†# #. #O#
##.#####@# ### ##........#
..# ##.....##### ### #.#
#>......## ##.###.#
#.........####...##.#######.
+..)......'.................
#.........####...##.#######.
##.(.....## ##.###.#
##.....## ### #.#


You could see an ogre.

Vanquished Creatures
  Jessica (D:2)
  A sleepcap (D:4)
  3 adders
  A worm (D:2)
  4 dart slugs
  4 orcs (D:3)
  6 endoplasms
  3 giant cockroaches
  2 goblins (D:1)
  5 hobgoblins
  6 jackals
  5 quokkas
  3 ball pythons (D:1)
  6 bats
  2 frilled lizards
  9 kobolds
  3 rats
64 creatures vanquished.

Notes
Turn   | Place    | Note
-------+----------+-------------------------------------------
     0 | D:1      | Dittersdorf the Gargoyle Fighter began the quest for the
                  | Orb.
     0 | D:1      | Reached XP level 1. HP: 14/14 MP: 1/1
   167 | D:1      | Reached XP level 2. HP: 19/19 MP: 2/2
   499 | D:1      | Reached XP level 3. HP: 18/23 MP: 3/3
   645 | D:1      | Found a faded altar of an unknown god.
  1212 | D:2      | Reached XP level 4. HP: 29/29 MP: 4/4
  1274 | D:2      | Noticed Jessica
  1278 | D:2      | Killed Jessica
  1678 | D:3      | Found Zin's Purification Station.
  1683 | D:3      | Found a glowing silver altar of Zin.
  1789 | D:3      | Reached XP level 5. HP: 26/33 MP: 5/5
  1878 | D:3      | Found an ancient bone altar of Kikubaaqudgha.
  2189 | D:4      | Found a staircase to the Ecumenical Temple.
  2418 | D:4      | Noticed an ogre
  2432 | D:4      | Slain by an ogre

Illustrated notes

Levels and vault maps discovered:
D:1:      heliophobic_arrival_battle_scene, layout_loops_corners,
          shapermc_ecumenical_altar_gd
D:2:      layout_rooms, uniq_jessica
D:3:      layout_basic, lemuel_coloured_pillars_altar, zin_purify
D:4:      layout_loops_corners, mainiacjoe_overflow_boulevard,
          minmay_temple_entry_from_below_a

Skill      XL: |  1  2  3  4 |
---------------+-------------+-----
Fighting       | 4 |  4.3
Armour         | 4 |  4.3
Shields        | 4 |  4.3
Maces & Flails | 3 |  3.1

Action                     |  1- 3 |  4- 6 || total
---------------------------+-------+-------++-------
  Melee: Flail             |   133 |   116 ||   249
 Armour: Scale mail        |    70 |    68 ||   138
  Dodge: Dodged            |    70 |    73 ||   143
  Block: Buckler           |    25 |    38 ||    63

Table legend: (Time is in decaauts)
 A = Elapsed time spent in this place.
 B = Non-inter-level travel time spent in this place.
 C = Inter-level travel time spent in this place.
 D = Time resting spent in this place.
 E = Time spent auto-exploring this place.
 F = Levels seen in this place.
 G = Mean time per level.
                   A        B        C        D        E       F      G
               +--------+--------+--------+--------+--------+-----+--------+
         Total |   2505 |   2419 |     86 |     34 |   1760 |   4 |  626.2 |
       Dungeon |   2505 |   2419 |     86 |     34 |   1760 |   4 |  626.2 |
               +--------+--------+--------+--------+--------+-----+--------+

Top non-repeatable levels by time:
     D:1: 1097 daAuts
     D:2: 600 daAuts
     D:3: 515 daAuts
     D:4: 291 daAuts
